 Dungeon Crawl Stone Soup version 0.30-a0-782-ge64f9170bb (webtiles) character file.

Game seed: 7123845889522005364

442 mopl the Vexing (level 6, 0/32 HPs)
             Began as a Deep Elf Enchanter on Mar 10, 2023.
             Was a Follower of Dithmenos.
             Slain by a gnoll bouda
             ... wielding a +0 club
              (2 damage)
             ... on level 5 of the Dungeon.
             The game lasted 00:07:02 (3361 turns).

mopl the Vexing (Deep Elf Enchanter)                Turns: 3361, Time: 00:07:03

Health: 0/32       AC:  3    Str:  5    XL:     6   Next: 71%
Magic:  2/15       EV: 12    Int: 22    God:    Dithmenos [*.....]
Gold:   196        SH:  0    Dex: 15    Spells: 4/15 levels left

rFire   . . .      SeeInvis .    a - +1 dagger (drain)
rCold   + + .      Faith    .    (no shield)
rNeg    + . .      Spirit   .    t - +0 robe {rC+}
rPois   .          Reflect  .    (no helmet)
rElec   .          Harm     .    (no cloak)
rCorr   .          Rampage  .    o - +0 pair of gloves
Will    .....                    (no boots)
Stlth   +++                      (no amulet)
HPRegen 0.25/turn                d - ring of protection from cold
MPRegen 0.14/turn                u - ring of positive energy

@: wreathed by umbra
A: no striking features
a: Renounce Religion


You were on level 5 of the Dungeon.
You worshipped Dithmenos.
Dithmenos was aware of your devotion.
You visited 1 branch of the dungeon, and saw 5 of its levels.

You collected 196 gold pieces.

Inventory:

Hand Weapons
 a - a +1 dagger of draining (weapon)
 y - a +2 dagger of distortion {!w}
 z - a +1 dagger
Missiles
 h - 9 poisoned darts
 v - 4 boomerangs
Armour
 o - a +0 pair of gloves (worn)
 t - a +0 robe of cold resistance (worn)
Jewellery
 d - a ring of protection from cold (left hand)
 n - a ring of flight
 u - a ring of positive energy (right hand)
 x - a ring of ice
Wands
 A - a wand of iceblast (6)
Scrolls
 e - 2 scrolls of enchant weapon {unknown}
 j - 2 scrolls of noise {unknown}
 k - a scroll of vulnerability {unknown}
 l - 5 scrolls of teleportation {unknown}
 m - a scroll of blinking {unknown}
 p - 2 scrolls of fog {unknown}
 r - a scroll of magic mapping {unknown}
 s - 3 scrolls of identify {unknown}
Potions
 b - a potion of attraction {unknown}
 c - 2 potions of invisibility
 f - 2 potions of heal wounds
 g - 3 potions of flight {unknown}
 i - 2 potions of lignification {unknown}
 q - 5 potions of curing {unknown}
 w - a potion of brilliance {unknown}


   Skills:
 + Level 3.2 Short Blades
 - Level 2.4 Dodging
 + Level 5.5 Stealth
 + Level 5.1 Spellcasting
 + Level 5.9 Hexes
 + Level 2.4 Invocations


You had 4 spell levels left.
You knew the following spells:

 Your Spells              Type           Power      Damage    Failure   Level
a - Dazzling Flash        Conj/Hex       36%        N/A       9%          3
b - Ensorcelled Hibernat  Hex/Ice        36%        N/A       4%          2
c - Confusing Touch       Hex            31%        N/A       2%          3
d - Tukima's Dance        Hex            31%        N/A       2%          3

Your spell library contained the following spells:

 Spells                   Type           Power      Damage    Failure   Level
 Portal Projectile        Hex/Tloc       36%        N/A       9%          3
 Blade Hands              Tmut           2%         N/A       95%         5


Dungeon Overview and Level Annotations

Branches:
Dungeon (5/15)
 Temple: D:4-7

Altars:
Dithmenos
Fedhas
Gozag
Vehumet
Wu Jian
Xom
Zin

Shops:
D:1 (   D:3 *


Message History

Casting: Ensorcelled Hibernation (safe; 4% risk of failure)
Confirm with . or Enter, or press ? or * to list all spells.
Aiming: Ensorcelled Hibernation (safe; 4% risk of failure)
Press: ? - help, Shift-Dir - straight line, f - worm
Aim: a worm (chance to affect: 60%)
The gnoll bouda is unaffected.
Your attacks no longer feel as feeble.
The gnoll bouda hits you with a +0 club.
Casting: Ensorcelled Hibernation (safe; 4% risk of failure)
Confirm with . or Enter, or press ? or * to list all spells.
Aiming: Ensorcelled Hibernation (safe; 4% risk of failure)
Press: ? - help, Shift-Dir - straight line, f - gnoll bouda, p - worm
Aim: a gnoll bouda, wielding a +0 club and wearing a +0 robe (umbra, not susceptible)
Okay, then.
You hit the gnoll bouda but do no damage.
You hit the gnoll bouda but do no damage.
The gnoll bouda closely misses you.
You hit the gnoll bouda. You drain the gnoll bouda.
The gnoll bouda is moderately wounded.
The gnoll bouda closely misses you.
You closely miss the gnoll bouda.
The gnoll bouda is moderately wounded.
The gnoll bouda hits you with a +0 club.
* * * LOW HITPOINT WARNING * * *
You hit the gnoll bouda. You drain the gnoll bouda.
The gnoll bouda is severely wounded.
The gnoll bouda hits you with a +0 club.
* * * LOW HITPOINT WARNING * * *
Casting: Ensorcelled Hibernation (safe; 4% risk of failure)
Confirm with . or Enter, or press ? or * to list all spells.
Your hands begin to glow red.
The gnoll bouda barely misses you.
You hit the gnoll bouda but do no damage.
The gnoll bouda appears confused.
The gnoll bouda is severely wounded.
The gnoll bouda hits you with a +0 club.
* * * LOW HITPOINT WARNING * * *
You hit the gnoll bouda but do no damage.
The gnoll bouda is severely wounded.
The gnoll bouda hits you with a +0 club.
You die...

#....... #.#
#....... #..
#......# #..
#......# #..
#......# #.. ###
#......# #..##
#.# ##......#
#...# #.#
#........ #@# #.#
#.#####.) #g###.#
#.# #...w #w.##.#
#.###g.##
##.<).####.#.g..#
#.....##...w##.##
#.>#..##..).†....
##.....###g###.##
##....# #.# ....
##...###.# ...


You could see a gnoll bouda (confused, very drained) and a worm.

Vanquished Creatures
  2 necrophages
  2 hounds (D:4)
  3 iguanas
  7 gnolls
  3 adders
  A worm (D:4)
  2 orcs (D:5)
  5 bats
  7 endoplasms
  2 giant cockroaches
  6 goblins
  12 hobgoblins
  6 jackals
  10 kobolds
  6 quokkas
  6 ball pythons
  A frilled lizard (D:1)
  4 rats
85 creatures vanquished.

Vanquished Creatures (others)
  2 dancing weapons (D:5)
2 creatures vanquished.

Grand Total: 87 creatures vanquished

Notes
Turn   | Place    | Note
-------+----------+-------------------------------------------
     0 | D:1      | mopl the Deep Elf Enchanter began the quest for the Orb.
     0 | D:1      | Reached XP level 1. HP: 10/10 MP: 6/6
   175 | D:1      | Reached XP level 2. HP: 6/15 MP: 8/8
   180 | D:1      | Learned a level 2 spell: Ensorcelled Hibernation
   238 | D:1      | Found Joemuti's Antique Weapon Boutique.
   562 | D:1      | Reached skill level 4 in Stealth
   808 | D:2      | Found a faded altar of an unknown god.
   885 | D:2      | Reached XP level 3. HP: 6/19 MP: 0/10
   969 | D:2      | Learned a level 3 spell: Confusing Touch
   973 | D:2      | Learned a level 3 spell: Tukima's Dance
  1000 | D:2      | You are sucked into a shaft and drop 1 floor!
  1055 | D:3      | Found an ornate altar of the Wu Jian Council.
  1329 | D:3      | Reached skill level 2 in Short Blades
  1331 | D:3      | Reached XP level 4. HP: 24/24 MP: 5/11
  1429 | D:3      | Found a glowing silver altar of Zin.
  1457 | D:3      | Reached skill level 4 in Spellcasting
  1468 | D:3      | Found Jec Pej's Assorted Antiques.
  2177 | D:4      | Found a shadowy altar of Dithmenos.
  2292 | D:4      | Became a worshipper of Dithmenos the Shadowed
  2349 | D:4      | Noticed a necrophage
  2369 | D:4      | Killed a necrophage
  2370 | D:4      | Reached skill level 5 in Hexes
  2370 | D:4      | Reached skill level 1 in Invocations
  2370 | D:4      | Reached XP level 5. HP: 21/28 MP: 11/13
  2374 | D:4      | Learned a level 3 spell: Dazzling Flash
  2778 | D:4      | Found a radiant altar of Vehumet.
  2812 | D:4      | Reached skill level 5 in Stealth
  2953 | D:4      | Found a blossoming altar of Fedhas.
  2953 | D:4      | Found a shadowy altar of Dithmenos.
  2955 | D:4      | Found an opulent altar of Gozag.
  2955 | D:4      | Found a blossoming altar of Fedhas.
  2955 | D:4      | Found a shimmering altar of Xom.
  3082 | D:4      | Reached XP level 6. HP: 32/32 MP: 12/15
  3103 | D:4      | Reached skill level 3 in Short Blades
  3163 | D:4      | Reached * piety under Dithmenos
  3186 | D:5      | Entered Level 5 of the Dungeon
  3195 | D:5      | Reached skill level 5 in Spellcasting
  3195 | D:5      | Reached skill level 2 in Invocations
  3361 | D:5      | Slain by a gnoll bouda

Illustrated notes

Levels and vault maps discovered:
D:1:      nicolae_arrival_somewhat_less_tricky_arrival, layout_basic,
          serial_shops, shop, minmay_pentomino_v2
D:2:      layout_basic, ebering_ecumenical_altar_box
D:3:      layout_rooms, old_standard_altar, mainiacjoe_overflow_catwalk,
          serial_shops, shop_statue, grunt_decor_one_mirror,
          minmay_three_crescents
D:4:      layout_gridville, doesnt_xom_only_xom, lemuel_doored_altar,
          hangedman_abyss_or_decor_stagger
D:5:      layout_rooms, minmay_fire_ice_demons, uniq_crazy_yiuf_cottage,
          uniq_ijyb, uniq_eustachio

Skill      XL: |  1  2  3  4  5  6 |
---------------+-------------------+-----
Stealth        | 4 5 |  5.5
Short Blades   | 2 3 |  3.2
Spellcasting   | 4 5 |  5.1
Hexes          | 5 |  5.9
Invocations    | 1 2 |  2.4
Dodging        | |  2.4

Action                     |  1- 3 |  4- 6 || total
---------------------------+-------+-------++-------
  Melee: Dagger            |   107 |    95 ||   202
         Punch             |     1 |       ||     1
   Cast: Ensorcelled Hiber |    21 |    41 ||    62
         Confusing Touch   |       |     3 ||     3
         Tukima's Dance    |       |     2 ||     2
    Use: Potion            |     1 |       ||     1
   Stab: Sleeping          |    17 |    31 ||    48
         Confused          |       |     2 ||     2
 Armour: Robe              |    26 |    19 ||    45
  Dodge: Dodged            |    90 |    57 ||   147

Table legend: (Time is in decaauts)
 A = Elapsed time spent in this place.
 B = Non-inter-level travel time spent in this place.
 C = Inter-level travel time spent in this place.
 D = Time resting spent in this place.
 E = Time spent auto-exploring this place.
 F = Levels seen in this place.
 G = Mean time per level.
                   A        B        C        D        E       F      G
               +--------+--------+--------+--------+--------+-----+--------+
         Total |   3340 |   3208 |    132 |    337 |   2060 |   5 |  668.0 |
       Dungeon |   3340 |   3208 |    132 |    337 |   2060 |   5 |  668.0 |
               +--------+--------+--------+--------+--------+-----+--------+

Top non-repeatable levels by time:
     D:4: 1103 daAuts
     D:1: 869 daAuts
     D:2: 668 daAuts
     D:3: 608 daAuts
     D:5: 90 daAuts
